 Dungeon Crawl Stone Soup version 0.17-a0-2208-ge5ab1d3 (webtiles) character file.

711 esc the Sneak (level 7, -2/51 HPs)
             Began as a Spriggan Enchanter on Oct 26, 2015.
             Was a Believer of Jiyva.
             Killed by divine providence
             ... invoked by an orc priest
              (9 damage)
             ... on level 4 of the Dungeon on Oct 27, 2015.
             The game lasted 00:15:54 (3454 turns).

esc the Sneak (Spriggan Enchanter)                  Turns: 3454, Time: 00:15:54

Health: -2/51      AC: 23    Str:  4    XL:     7   Next: 40%
Magic:  9/15       EV:  4    Int: 18    God:    Jiyva [**....]
Gold:   162        SH:  0    Dex: 17    Spells: 3 memorised, 9 levels left

rFire  . . .     SeeInvis +     k - +0 dagger (venom)
rCold  . . .     Clarity  .     (armour currently unavailable)
rNeg   + + +     SustAt   .     (shield restricted)
rPois  +         Gourm    .     (helmet currently unavailable)
rElec  .         Spirit   .     (cloak currently unavailable)
rCorr  .         Warding  .     (gloves unavailable)
rMut   .         NoTele   +     (boots unavailable)
MR     +....                    (no amulet)
Stlth  ++++++....               m - +1 ring of evasion
                                h - ring of stealth {Stlth+}

@: tree-form, somewhat resistant to hostile enchantments, very stealthy
A: unfitting armour, see invisible, herbivore 3, (speed 0), slow metabolism 2
a: Request Jelly, Jelly Paralyse, Renounce Religion


You were on level 4 of the Dungeon.
You worshipped Jiyva.
Jiyva was pleased with you.
You were not hungry.
You were a tree.
You visited 1 branch of the dungeon, and saw 4 of its levels.

You collected 162 gold pieces.

Inventory:

Hand Weapons
 a - a +1 dagger
 k - a +0 dagger of venom (weapon)
   (You took it off a goblin on level 2 of the Dungeon)
Armour
 b - a +1 robe (melded)
 n - a +0 cloak (melded)
   (You found it on level 2 of the Dungeon)
Jewellery
 h - a ring of stealth (left branch) {Stlth+}
   (You found it on level 1 of the Dungeon)
 m - a +1 ring of evasion (right branch)
   (You found it on level 2 of the Dungeon)
Scrolls
 e - a scroll of amnesia
 j - a scroll of remove curse
 q - a scroll of recharging
Potions
 i - a potion of agility
 l - 2 potions of curing
 r - a potion of brilliance
 s - a potion of heal wounds {unknown}
Books
 c - a book of Maledictions
Comestibles
 d - 2 bread rations {@e1}
 o - 5 fruits
 p - a slice of pizza


   Skills:
 + Level 1.7 Fighting
 + Level 4.0 Short Blades
 + Level 5.6 Dodging
 + Level 6.7 Stealth
 + Level 4.8 Spellcasting
 + Level 5.7 Hexes


You had 9 spell levels left.
You knew the following spells:

 Your Spells              Type           Power        Failure   Level  Hunger
a - Ensorcelled Hibernat  Hex/Ice        ##....       8%          2    #......
b - Dazzling Spray        Conj/Hex       ##......     14%         3    ###....
v - Corona                Hex            ###....      1%          1    None


Dungeon Overview and Level Annotations

Branches:
Dungeon (4/15)
 Temple: D:4-7

Altars:
Fedhas
Nemelex Xobeh
Vehumet
Jiyva


Innate Abilities, Weirdness & Mutations

You are tiny and cannot use many weapons and most armour.
You have supernaturally acute eyesight.
You are a herbivore.
((You cover ground extremely quickly.))
You need consume almost no food.


Message History

Duvessa goes berserk!
The orc is no longer blind.
Duvessa is no longer blind.
The orc hits you but does no damage.
The orc priest calls upon Beogh to heal the orc.
The orc's wounds heal themselves!
Duvessa rages.
The worker ant waves its antennae.
There is a stone staircase leading down here.
Duvessa rages.
Duvessa rages.
Duvessa rages.
You can't see any susceptible monsters within range! (Use Z to cast anyway.) Unknown command.
You can't see any susceptible monsters within range! (Use Z to cast anyway.) Duvessa rages.
Aim: Duvessa, wielding a short sword (lightly wounded, berserk, fast, unusually strong)
The spray of energy hits Duvessa.
Duvessa is dazzled.
You are feeling hungry.
You now have 5/14 mp.
You can't see any susceptible monsters within range! (Use Z to cast anyway.) Duvessa is no longer berserk.
Aim: Duvessa, wielding a short sword (lightly wounded, slow, blind, chance to defeat MR: 28%) Duvessa easily resists.
You now have 3/14 mp.
Aim: Duvessa, wielding a short sword (lightly wounded, slow, blind, chance to defeat MR: 28%)
You miscast Ensorcelled Hibernation.
You are very lightly contaminated with residual magic.
You feel uncomfortably cold.
You now have 1/14 mp.
Duvessa completely misses you.
You hit Duvessa.
Duvessa is poisoned.
You catch the helpless Duvessa completely off-guard!
You impale Duvessa!!
Duvessa looks even sicker.
Duvessa is no longer blind.
Duvessa misses you.
You hit Duvessa.
You kill Duvessa!
You hear a distant slurping noise.
Aim: a worker ant (chance to defeat MR: 53%)
The worker ant looks drowsy...
You now have 0/15 mp.
The helpless worker ant fails to defend itself.
You perforate the worker ant like a sieve!!!
You kill the worker ant!
Your Short Blades skill increases to level 4!
You start resting.
Your magical contamination has completely faded away.
Health restored: 34 You regained 3 mp, and now have 3/15 mp.
You start resting.
MP restored: 15 Eat which item? (? for menu, Esc to quit)
You continue eating. x2
You finish eating.
That royal jelly was delicious!
There is a stone staircase leading down here.
The orc is too close now for your liking.
The orc shouts!
There is an open door here.
Aim: an orc, wielding a flail (hasn't noticed you)
The spray of energy misses the orc.
The spray of energy hits the orc.
The orc is dazzled.
The orc priest shouts!
The orc shouts!
The orc shouts!
The orc priest casts a cantrip, but nothing happens.
You now have 12/15 mp.
Okay, then.
Aim: an orc priest, wielding a dagger of holy wrath (chance to defeat MR: 64%)
The orc priest is outlined in light.
The orc priest mumbles some strange prayers to Beogh against you.
Something smites you! The orc hits you.
You take 17 damage, and have 17/34 hp.
MASSIVE DAMAGE!!
You now have 11/15 mp.
Aim: an orc priest, wielding a dagger of holy wrath (softly glowing)
The spray of energy hits the orc priest.
The orc priest is dazzled.
The spray of energy hits the orc.
You kill the orc!
The orc completely misses you.
You now have 8/15 mp.
You hit the orc priest.
The orc priest is poisoned.
The orc completely misses you.
The orc priest mumbles some strange prayers to Beogh against you.
Pain shoots through your body!
* * * LOW HITPOINT WARNING * * *
You take 13 damage, and have 4/34 hp.
MASSIVE DAMAGE!!
Drink which item? (? for menu, Esc to quit)
Okay, then.
Drink which item? (? for menu, Esc to quit)
Really quaff
f - a potion of lignification {!q}?
You turn into a tree.
Your +0 cloak melds into your body.
Your +1 robe melds into your body.
Your roots penetrate the ground.
The orc hits you but does no damage.
The orc priest hits you but does no damage.
You now have 6/51 hp.
You hit the orc priest.
The orc is no longer blind.
You hit the orc priest.
The orc priest looks even sicker.
The orc priest stops glowing.
The orc barely misses you.
You closely miss the orc priest.
The orc priest invokes the aid of Beogh against you.
Something smites you!
You die...

#. .# #.. .#
##.######.#
#.........#
#.........#
#.........#
#......o..#
#....oo♣..# #####
#......o..# ....#
#.........# ....#
#####'###.# (†..#
#...).# ....#
##....#
....###########....#
..............#....#
.)............#....#


You could see 2 orc priests and 2 orcs.

Vanquished Creatures
  Sigmund (D:4)
  Duvessa (D:4)
  2 ogres (D:4)
  A scorpion (D:4)
  Dowan (D:4)
  3 worker ants (D:4)
  5 adders
  An adder skeleton (D:4)
  4 giant geckos
  8 orcs
  2 giant cockroaches (D:1)
  6 hobgoblins
  4 jackals (D:3)
  A quokka (D:3)
  A ball python (D:3)
  3 bats (D:1)
  6 giant newts
  11 goblins
  5 kobolds
  A quokka skeleton (D:4)
  12 rats
79 creatures vanquished.

Vanquished Creatures (others)
  Natasha (thrice) (D:3)
  An orc (D:3)
  A kobold (D:3)
5 creatures vanquished.

Grand Total: 84 creatures vanquished

Notes
Turn   | Place    | Note
--------------------------------------------------------------
     0 | D:1      | esc the Spriggan Enchanter began the quest for the Orb.
     0 | D:1      | Reached XP level 1. HP: 9/9 MP: 5/5
   390 | D:1      | Reached skill level 3 in Spellcasting
   514 | D:1      | Reached XP level 2. HP: 11/13 MP: 5/7
   726 | D:1      | Learned a level 2 spell: Ensorcelled Hibernation
  1245 | D:2      | Reached skill level 4 in Hexes
  1267 | D:2      | Reached XP level 3. HP: 16/16 MP: 1/8
  1550 | D:2      | Found a blossoming altar of Fedhas.
  1716 | D:2      | Reached skill level 2 in Short Blades
  1772 | D:2      | Found a faded altar to an unknown god.
  1796 | D:2      | Found a sparkling altar of Nemelex Xobeh.
  1857 | D:2      | Became a worshipper of Jiyva Jemiliz the Shapeless
  1857 | D:2      | Reached * piety under Jiyva
  2192 | D:3      | Reached XP level 4. HP: 21/21 MP: 10/10
  2197 | D:3      | Learned a level 3 spell: Dazzling Spray
  2207 | D:3      | Noticed Natasha
  2213 | D:3      | Reached skill level 5 in Stealth
  2272 | D:3      | Killed Natasha
  2315 | D:3      | Reached ** piety under Jiyva
  2378 | D:3      | Killed Natasha
  2634 | D:3      | Reached skill level 4 in Dodging
  2671 | D:3      | Killed Natasha
  2880 | D:4      | Reached XP level 5. HP: 21/24 MP: 11/11
  2904 | D:4      | Noticed a phantom
  2997 | D:4      | Noticed an ogre
  3004 | D:4      | Killed an ogre
  3004 | D:4      | Reached skill level 3 in Short Blades
  3004 | D:4      | Reached skill level 4 in Spellcasting
  3004 | D:4      | Reached skill level 5 in Hexes
  3015 | D:4      | Found a radiant altar of Vehumet.
  3055 | D:4      | Reached XP level 6. HP: 29/29 MP: 13/13
  3133 | D:4      | Noticed Sigmund
  3139 | D:4      | Killed Sigmund
  3139 | D:4      | Reached skill level 1 in Fighting
  3139 | D:4      | Reached skill level 5 in Dodging
  3139 | D:4      | Reached skill level 6 in Stealth
  3142 | D:4      | Noticed an ogre
  3152 | D:4      | Killed an ogre
  3155 | D:4      | Reached XP level 7. HP: 33/33 MP: 7/14
  3240 | D:4      | Noticed Duvessa
  3240 | D:4      | Noticed Dowan
  3249 | D:4      | Killed Dowan
  3297 | D:4      | Killed Duvessa
  3301 | D:4      | Reached skill level 4 in Short Blades
  3450 | D:4      | HP: 4/34 [orc priest/nerve-wracking pain (13)]
  3454 | D:4      | Killed from afar by an orc priest

Vault maps used:
D:1:      sevenhm_arrival_forest_fort_large_2, minmay_misc_feat_doors
D:2:      nicolae_overflow_crystal_walls, ecumenical_altar_2, first_bread,
          nemelex_diamond_rough_becter
D:3:      grunt_decor_arrowhead, corexii_item_surrounded_by_moat,
          corexii_corridor_pit, uniq_natasha
D:4:      vehumet_crystals, uniq_sigmund, uniq_duvessa

Action                   |  1- 3 |  4- 6 |  7- 9 || total
-------------------------+-------+-------+-------++-------
Melee: Dagger            |    96 |    46 |    10 ||   152
 Cast: Corona            |    10 |       |     1 ||    11
       Ensorcelled Hiber |    16 |    13 |     6 ||    35
       Dazzling Spray    |       |     3 |     4 ||     7
  Use: Scroll            |     8 |     3 |       ||    11
       Potion            |       |       |     1 ||     1
 Stab: Sleeping          |    23 |    17 |     3 ||    43
       Invisible         |       |       |     1 ||     1
  Eat: Royal jelly       |       |       |     1 ||     1

Vault maps used:
D:1:      sevenhm_arrival_forest_fort_large_2, minmay_misc_feat_doors
D:2:      nicolae_overflow_crystal_walls, ecumenical_altar_2, first_bread,
          nemelex_diamond_rough_becter
D:3:      grunt_decor_arrowhead, corexii_item_surrounded_by_moat,
          corexii_corridor_pit, uniq_natasha
D:4:      vehumet_crystals, uniq_sigmund, uniq_duvessa

Table legend:
 A = Turns spent in this place as a percentage of turns spent in the entire game.
 B = Non-inter-level travel turns spent in this place as a percentage of non-inter-level travel turns spent in the entire game.
 C = Inter-level travel turns spent in this place as a percentage of turns spent in this place.
 D = Turns resting spent in this place as a percentage of non-inter-level travel turns spent in this place.
 E = Turns spent auto-exploring this place as a percentage of non-inter-level travel turns spent in this place.
 F = Non-inter-level travel turns spent in this place divided by the number of levels of this place that you've seen.
                   A       B       C       D       E      F
               +-------+-------+-------+-------+-------+----------------------
         Total | 100.0 | 100.0 |   0.3 |   1.9 |   7.3 | 295.8
       Dungeon | 100.0 | 100.0 |   0.3 |   1.9 |   7.3 | 295.8
               +-------+-------+-------+-------+-------+----------------------

Table legend:
 A = Kills in this place as a percentage of kills in entire the game.
 B = Kills by you in this place as a percentage of kills by you in the entire game.
 C = Kills by friends in this place as a percentage of kills by friends in the entire game.
 D = Other kills in this place as a percentage of other kills in the entire game.
 E = Experience gained in this place as a percentage of experience gained in the entire game.
 F = Experience gained in this place divided by the number of levels of this place that you have seen.
                   A       B       C       D       E      F
               +-------+-------+-------+-------+-------+----------------------
         Total | 100.0 | 100.0 |  -nan |  -nan | 100.0 | 254.2
       Dungeon | 100.0 | 100.0 |  -nan |  -nan | 100.0 | 254.2
               +-------+-------+-------+-------+-------+----------------------
